Map: Tours du crépuscule

Players

zidar - Winner!

  • Race: Zerg Zerg
  • League: Gold
  • Spawn Location: 7:00

PontiusGlo

  • Race: Protoss Protoss
  • Spawn Location: 1:00

VOD

Have the link to the VOD?

Description

Time

  • Played on: July 7, 2016, 2:49 p.m.
  • Length: 7:17
Show
View Real Time Build Order
Export as new Build Order

zidar Zerg - Winner!

Build Orders: Pool First 

Get SALT Encoding   

  12  0:02  Drone  
  13  0:12  Overlord  
  13  0:17  Drone  
  14  0:30  Drone x2  
  16  0:42  Spawning Pool  
  15  0:45  Drone  
  16  1:13  Hatchery, Drone  
  16  1:17  Extractor  
  16  1:18  Drone  
  16  1:31  Queen  
  18  1:35  Drone  
  19  1:54  Roach Warren  
  19  1:55  Drone x2  
  20  2:02  Overlord  
  20  2:18  Queen  
  22  2:25  Drone  
  22  2:27  Drone  
  22  2:29  Metabolic Boost  
  24  2:33  Drone  
  25  2:39  Drone  
  25  2:40  Drone  
  27  2:49  Extractor  
  26  3:03  Drone x2  
  28  3:09  Drone x5  
  33  3:26  Extractor  
  32  3:28  Drone x4  
  32  3:29  Overlord  
  32  3:30  Overlord  
  36  3:50  Roach x5  
  46  4:03  Roach  
  46  4:04  Roach x2  
  46  4:06  Overlord  
  46  4:07  Overlord  
  50  4:45  Roach x2  
  50  4:46  Roach x7  
  50  4:49  Ravager x3  
  50  4:51  Ravager  
  62  5:21  Roach x4  
  68  5:40  Overlord x4  
  68  5:51  Lair  
  68  6:03  Pneumatized Carapace  
  68  6:14  Roach x6  
  80  6:26  Drone x4  
  84  6:37  Ravager x4  
Show
View Real Time Build Order
Export as new Build Order

PontiusGlo Protoss 

Build Orders:  

Get SALT Encoding   

  12  0:01  Probe (Chrono Boost)  
  13  0:11  Probe (Chrono Boost)  
  14  0:22  Probe (Chrono Boost)  
  14  0:24  Pylon  
  16  0:42  Probe (Chrono Boost)  
  16  0:43  Gateway  
  16  0:46  Pylon  
  16  0:53  Probe (Chrono Boost)  
  16  0:55  Assimilator  
  17  1:03  Probe (Chrono Boost)  
  17  1:04  Assimilator  
  18  1:14  Probe (Chrono Boost)  
  19  1:18  Pylon  
  19  1:25  Probe (Chrono Boost)  
  20  1:30  Cybernetics Core  
  20  1:39  Probe (Chrono Boost)  
  21  1:48  Gateway  
  21  1:58  Forge  
  21  2:03  Probe (Chrono Boost)  
  21  2:07  Warp Gate (Chrono Boost)  
  22  2:15  Probe  
  23  2:19  Gateway  
  23  2:32  Protoss Ground Weapons Level 1  
  23  2:37  Twilight Council  
  23  2:43  Adept  
  25  2:56  Gateway  
  25  3:05  Gateway  
  25  3:12  Adept  
  27  3:18  Adept  
  29  3:26  Resonating Glaives  
  29  3:30  Pylon  
  29  3:37  Mothership Core  
  31  4:03  Adept x4  
  33  4:41  Stalker  
  33  4:42  Stalker x3  
  33  4:45  Adept  
  25  5:19  Nexus  
  25  5:21  Assimilator  
  25  5:26  Assimilator  
  25  5:33  Pylon  
  25  5:36  Probe  
  26  5:48  Probe  
  27  5:56  Stargate  
  27  6:00  Probe  
  28  6:06  Stargate  
  28  6:13  Probe  
  29  6:19  Stargate  
  29  6:25  Probe  
  30  6:32  Probe (Chrono Boost)  
  30  6:37  Probe (Chrono Boost)  
  32  6:44  Probe (Chrono Boost)  
  33  6:48  Probe (Chrono Boost)  
  34  6:55  Probe (Chrono Boost)  
Tags
 
League
Gold
Matchup
PvZ
Opening
Pool First
Spawn Locations
Cross Positions
Add a new tag
Caveats
  • Supply blocks, unpowered buildings, or Contaminate may cause inaccurate times.
  • Supply counts are checked every 10 seconds.